 Dungeon Crawl Stone Soup version 0.21.0-8-gf18e19db4a (webtiles) character file.

2258 weerde the Fighter (level 9, -6/121 HPs)
             Began as a Minotaur Berserker on Jan 18, 2018.
             Was a Priest of Trog.
             Killed by divine providence
             ... invoked by an orc priest
              (14 damage)
             ... on level 6 of the Dungeon.
             The game lasted 00:12:26 (4270 turns).

weerde the Fighter (Minotaur Berserker)             Turns: 4270, Time: 00:12:27

Health: -6/121     AC: 11    Str: 35    XL:     9   Next: 15%
Magic:  8/8        EV: 12    Int:  4    God:    Trog [***...]
Gold:   271        SH:  0    Dex:  9    Spells: 8/8 levels left

rFire    . . .     SeeInvis .   o - +0 war axe
rCold    . . .     Gourm    +   (no shield)
rNeg     . . .     Faith    .   p - +1 chain mail
rPois    .         Spirit   .   (helmet restricted)
rElec    .         Reflect  .   (no cloak)
rCorr    .         Harm     .   (no gloves)
MR       +....                  (no boots)
Stlth    ..........             w - amulet of the gourmand
HPRegen  0.30/turn              g - ring of protection from magic
MPRegen  0.11/turn              x - +4 ring of strength

@: berserking, lethally poisoned (-6 -> -34), starving, very quick
A: retaliatory headbutt, horns 2
a: Berserk, Trog's Hand, Burn Spellbooks, Renounce Religion


You were on level 6 of the Dungeon.
You worshipped Trog.
Trog was most pleased with you.
You were starving.

You visited 1 branch of the dungeon, and saw 6 of its levels.

You collected 271 gold pieces.

Inventory:

Hand Weapons
 a - a +0 hand axe
 o - a +0 war axe (weapon)
Armour
 b - a +0 animal skin
 i - a +0 scale mail
 p - a +1 chain mail (worn)
Jewellery
 f - an uncursed ring of stealth
 g - a ring of protection from magic (left hand)
 r - an uncursed ring of fire
 w - an amulet of the gourmand (around neck)
 x - a +4 ring of strength (right hand)
Wands
 n - a wand of random effects (20)
 s - a wand of iceblast (10)
 t - a wand of scattershot (5)
Scrolls
 e - a scroll of enchant armour
 h - a scroll of identify
 k - 3 scrolls of magic mapping
 l - a scroll of remove curse
 v - a scroll of immolation {unknown}
Potions
 d - a potion of lignification {unknown}
 j - a potion of might
 m - 4 potions of curing
 q - a potion of degeneration
 u - 3 potions of magic
 z - a potion of agility
Comestibles
 c - 9 rations


   Skills:
 + Level 8.2 Fighting
 + Level 8.2 Axes
 + Level 7.6 Armour
 + Level 7.0 Dodging


You had 8 spell levels left.
You didn't know any spells.

Dungeon Overview and Level Annotations

Branches:
Dungeon (6/15)             Temple (0/1) D:4

Altars:
Ashenzari
Cheibriados
Elyvilon
Hepliaklqana
Nemelex Xobeh
Trog
Xom

Portals:
Ossuary: D:4


Innate Abilities, Weirdness & Mutations

You reflexively headbutt those who attack you in melee.
You have a pair of horns on your head.


Message History

You feel sick. The orc closely misses you. You furiously retaliate!
You headbutt the orc!
You kill the orc!
Trog accepts your kill. The orc warrior barely misses you.
You furiously retaliate!
You headbutt the orc warrior.
You hit the orc warrior but do no damage.
Your headbutt misses the orc warrior.
The orc warrior is heavily wounded.
* * * LOW HITPOINT WARNING * * *
You feel very sick.
You slice the orc warrior!!
You kill the orc warrior!
Trog accepts your kill.
Your Dodging skill increases to level 7!
* * * LOW HITPOINT WARNING * * *
You feel sick.
The orc priest invokes the aid of Beogh against you.
Beogh smites you!
You die...

......#............##
.................#.
................? #.......)..#
#.o....)[..# #.)....).).#
##........## .. .# ##...)).##
..# #.# ##.#)@..## .. #.#
#..#.##..### ##.##.###
#)##.###...# ........# #)#..#
###.# ........# #.#.## #.###
........####.#< #####...#####
.........>...#.##.....#.....##
.............#.#.............##
........#....#................#


You could see an orc priest.

Vanquished Creatures
  2 ugly things (D:6)
  A wraith (D:6)
  Sigmund (D:5)
  Edmund (D:4)
  2 orc warriors (D:6)
  2 ogres
  A howler monkey (D:4)
  A crimson imp (D:5)
  A centaur skeleton (D:6)
  2 bullfrog skeletons
  A jelly (D:5)
  An orc priest (D:3)
  3 orc wizards
  2 iguanas (D:6)
  Ijyb (D:3)
  3 worker ants (D:5)
  5 adders
  3 gnolls (D:2)
  A shadow imp (D:6)
  4 worms
  3 dart slugs
  6 leopard geckos
  16 orcs
  A ball python (D:5)
  6 giant cockroaches
  10 goblins
  15 hobgoblins
  7 jackals
  6 kobolds
  3 quokkas
  3 bats
  6 frilled lizards
  A jackal zombie (D:5)
  6 rats
127 creatures vanquished.

Vanquished Creatures (others)
  A hobgoblin (D:2)
1 creature vanquished.

Grand Total: 128 creatures vanquished

Notes
Turn   | Place    | Note
-------+----------+-------------------------------------------
     0 | D:1      | weerde the Minotaur Berserker began the quest for the Orb.
     0 | D:1      | Reached XP level 1. HP: 19/19 MP: 0/0
   209 | D:1      | Reached XP level 2. HP: 26/27 MP: 1/1
   601 | D:2      | Found a shimmering altar of Xom.
   660 | D:2      | Reached XP level 3. HP: 11/33 MP: 2/2
  1027 | D:2      | Reached ** piety under Trog
  1027 | D:2      | Reached XP level 4. HP: 23/41 MP: 3/3
  1271 | D:2      | Found a white marble altar of Elyvilon.
  1715 | D:3      | Found a shattered altar of Ashenzari.
  1769 | D:3      | Noticed Ijyb
  1771 | D:3      | Killed Ijyb
  1882 | D:3      | Reached XP level 5. HP: 23/47 MP: 4/4
  2100 | D:3      | Reached skill level 5 in Fighting
  2100 | D:3      | Reached skill level 5 in Axes
  2285 | D:3      | Reached *** piety under Trog
  2696 | D:4      | Noticed an ogre
  2700 | D:4      | Killed an ogre
  2700 | D:4      | Reached XP level 6. HP: 56/56 MP: 5/5
  2711 | D:4      | Noticed Edmund
  2729 | D:4      | Killed Edmund
  2733 | D:4      | Found a sand-covered staircase.
  2903 | D:4      | Found a staircase to the Ecumenical Temple.
  2964 | D:4      | Found a bloodstained altar of Trog.
  3142 | D:5      | Entered Level 5 of the Dungeon
  3144 | D:5      | Reached XP level 7. HP: 61/62 MP: 6/6
  3174 | D:5      | Reached skill level 5 in Armour
  3488 | D:5      | Found a sparkling altar of Nemelex Xobeh.
  3489 | D:5      | Found a snail-covered altar of Cheibriados.
  3583 | D:5      | Noticed Sigmund
  3594 | D:5      | Killed Sigmund
  3594 | D:5      | Reached skill level 5 in Dodging
  3758 | D:5      | Found a hazy altar of Hepliaklqana.
  3948 | D:6      | Noticed a cyan ugly thing
  3954 | D:6      | Reached XP level 8. HP: 31/71 MP: 7/7
  3955 | D:6      | Reached **** piety under Trog
  3959 | D:6      | Killed a cyan ugly thing
  4137 | D:6      | Noticed a red ugly thing
  4149 | D:6      | Killed a red ugly thing
  4149 | D:6      | Reached XP level 9. HP: 28/81 MP: 8/8
  4270 | D:6      | Killed from afar by an orc priest

Skill      XL: |  1  2  3  4  5  6  7  8  9 |
---------------+----------------------------+-----
Axes           | 4 5 6 8 |  8.2
Fighting       | 4 5 6 8 |  8.2
Armour         | 3 4 5 7 |  7.6
Dodging        | 3 4 5 6 7 |  7.0

Action                   |  1- 3 |  4- 6 |  7- 9 || total
-------------------------+-------+-------+-------++-------
Melee: Hand axe          |    75 |    13 |       ||    88
       Headbutt          |    15 |    29 |    21 ||    65
       War axe           |       |   135 |    98 ||   233
Invok: Burn Spellbooks   |       |     1 |     1 ||     2
       Berserk           |       |       |     5 ||     5
       Trog's Hand       |       |       |     5 ||     5
  Use: Scroll            |       |     6 |     7 ||    13
  Eat: Chunk             |       |     7 |    13 ||    20
Armor: Animal skin       |     5 |       |       ||     5
       Scale mail        |    20 |     3 |       ||    23
       Chain mail        |       |    73 |    43 ||   116
Dodge: Dodged            |    35 |    79 |    42 ||   156
